 Dungeon Crawl Stone Soup version 0.31-a0-986-g5e6e4ef867 (webtiles) character file.

Game seed: 1441640823210251144

1149 mattiecakes the Covered (level 8, -6/48 HPs)
             Began as a Gargoyle Fighter on Nov 9, 2023.
             Was an Initiate of Nemelex Xobeh.
             Killed by divine providence
             ... invoked by an orc priest
              (12 damage)
             ... on level 6 of the Dungeon.
             The game lasted 00:08:58 (3909 turns).

mattiecakes the Covered (Gargoyle Fighter)          Turns: 3909, Time: 00:08:59

Health: -6/48      AC: 21    Str: 22    XL:     8   Next: 38%
Magic:  10/10      EV:  6    Int:  9    God:    Nemelex Xobeh [......]
Gold:   257        SH:  4    Dex:  9    Spells: 7/7 levels left

rFire   . . .        a - +0 war axe
rCold   . . .        c - +0 buckler
rNeg    + . .        u - +1 plate armour
rPois   ∞            o - +0 helmet
rElec   +            (no cloak)
rCorr   .            (no gloves)
SInv    .            (no boots)
Will    .....        (no amulet) Stlth
                     l - ring of flight
HPRegen 0.28/turn    (no ring)
MPRegen 0.12/turn

%: no passive effects
@: flying
A: sickness immunity, AC +5, negative energy resistance 1, electricity
resistance, torment resistance 1, petrification resistance
a: Renounce Religion, Draw Escape, Draw Destruction, Draw Summoning


You were on level 6 of the Dungeon.
You worshipped Nemelex Xobeh.
Nemelex Xobeh was noncommittal.
You visited 2 branches of the dungeon, and saw 7 of its levels.

You collected 257 gold pieces.

Inventory:

Hand Weapons
 a - a +0 war axe (weapon)
 b - a +1 hand axe of flaming
Armour
 c - a +0 buckler (worn)
 f - a +0 troll leather armour
 o - a +0 helmet (worn)
 u - a +1 plate armour (worn)
Jewellery
 l - a ring of flight (left hand)
 m - a ring of magical power
Wands
 d - a wand of quicksilver (4)
 g - a wand of flame (6)
 q - a wand of paralysis (7)
 v - a wand of roots (15)
Scrolls
 e - a scroll of enchant armour
 i - a scroll of revelation {unknown}
 j - a scroll of teleportation {unknown}
 k - a scroll of amnesia {unknown}
 n - 2 scrolls of poison {unknown}
 r - a scroll of enchant weapon {unknown}
Potions
 p - a potion of mutation
 s - a potion of cancellation
 t - a potion of attraction {unknown}
 w - a potion of brilliance {unknown}


   Skills:
 - Level 4.1 Fighting
 - Level 5.9 Axes
 - Level 7.3 Armour
 - Level 4.1 Shields
 + Level 2.7 Invocations


You had 7 spell levels left.
You didn't know any spells.
Your spell library contained the following spells:

 Spells                   Type           Power      Damage    Failure   Level
 Magic Dart               Conj           0%         1d3       100%        1
 Call Imp                 Summ           0%         N/A       100%        2
 Hailstorm                Conj/Ice       0%         3d3       100%        3
 Mephitic Cloud           Conj/Pois/Air  0%         N/A       100%        3
 Summon Ice Beast         Ice/Summ       0%         N/A       100%        4
 Simulacrum               Ice/Necr       0%         N/A       100%        6


Dungeon Overview and Level Annotations

Branches:
Dungeon (6/15)             Temple (1/1) D:5

Altars:
Ashenzari
Cheibriados
Gozag
Hepliaklqana
Makhleb
Nemelex Xobeh
Okawaru
Qazlal
Ru
Uskayaw
Vehumet
Xom
Yredelemnul

Annotations:
D:5 2 runed translucent doors, Crazy Yiuf; Splishie's ghost, novice GnMo


Innate Abilities, Weirdness & Mutations

You are immune to sickness and miasma.
Your stone body is resilient. (AC +5)
You are immune to poison.
You resist negative energy. (rN+)
You are resistant to electric shocks. (rElec)
You are resistant to unholy torment.
You are immune to petrification.


Message History

As you read the scroll labelled FIHO WUADA, it crumbles to dust.
It is a scroll of enchant armour.
Your +0 plate armour glows green for a moment.
As you read the scroll labelled PIF GYVVIRIRUR, it crumbles to dust.
It is a scroll of identify.
p - a potion of mutation
As you read the scroll of identify, it crumbles to dust.
s - a potion of cancellation Could not explore, unopened runed door.
What level of the Dungeon? (default 5, ? - help) Splishie's ghost lets out a mournful wail.
There is a stone staircase leading down here.
You fly downwards.
Found a runed ring mail.
There is a stone staircase leading up here.
Found a triangular bone amulet.
Found a hazy altar of Hepliaklqana.
You see here a +1 ring mail of cold resistance.
An orc priest comes into view. It is wielding a +0 club.
An orc comes into view. It is wielding a +0 hand axe.
The orc priest calls down the wrath of Beogh upon you.
Beogh smites you!
You hear a shout! x2
An orc priest comes into view. It is wielding a +0 dagger.
Found an escape hatch in the ceiling.
An orc comes into view. It is wielding a +0 short sword.
An ufetubus comes into view.
You closely miss the orc.
The orc shouts!
The orc priest calls down the wrath of Beogh upon you.
Beogh smites you! You block the orc's attack.
An ufetubus comes into view.
The orc priest invokes the aid of Beogh against you.
Beogh smites you!
* * * LOW HITPOINT WARNING * * *
The orc priest looks encouraged for a moment.
There is a stone staircase leading up here.
The orc priest mumbles some strange prayers to Beogh against you.
Beogh smites you!
You die...
Your body disappears without a glow.

....# #"###o#
.... #..#5.#
#..# #.o.##
#...##.#######
#.....o#....?.
####.....#
#....##
#####o.[..#
#....@.#......#
#..##...#.......
#. #..###..≈≈≈≈≈
#.# ..≈.... #.
..≈.#.# #.
..≈.#.. ##
..≈.#._


You could see 2 orc priests, an ufetubus and an orc.

Vanquished Creatures
  Prince Ribbit (D:5)
  Sigmund (D:2)
  A black bear (D:4)
  An ogre (D:5)
  A phantom (D:4)
  A scorpion (D:5)
  A jelly (D:4)
  An orc priest (D:4)
  2 hounds
  A sleepcap (D:5)
  Ijyb (D:2)
  Terence (D:2)
  3 iguanas
  An orc wizard (D:4)
  Robin (D:4)
  6 adders
  2 white imps (D:5)
  2 worms
  5 dart slugs
  3 orcs
  4 bats
  5 endoplasms
  3 giant cockroaches
  24 goblins
  9 hobgoblins
  7 jackals
  8 kobolds
  4 quokkas (D:1)
  6 ball pythons
  A frilled lizard (D:1)
  5 rats
112 creatures vanquished.

Notes
Turn   | Place    | Note
-------+----------+-------------------------------------------
     0 | D:1      | mattiecakes the Gargoyle Fighter began the quest for the
                  | Orb.
     0 | D:1      | Reached XP level 1. HP: 14/14 MP: 1/1
   211 | D:1      | Reached XP level 2. HP: 19/19 MP: 2/2
   519 | D:1      | Reached XP level 3. HP: 21/23 MP: 3/3
   816 | D:2      | Noticed Terence
   838 | D:2      | Killed Terence
   839 | D:2      | Reached skill level 4 in Armour
   839 | D:2      | Reached XP level 4. HP: 22/28 MP: 4/4
   852 | D:2      | Noticed Sigmund
   868 | D:2      | Killed Sigmund
   869 | D:2      | Reached skill level 5 in Armour
   869 | D:2      | Reached XP level 5. HP: 29/32 MP: 5/5
   869 | D:2      | Reached XP level 6. HP: 33/37 MP: 6/6
   912 | D:2      | Noticed Ijyb
   935 | D:2      | Killed Ijyb
  1893 | D:3      | Paralysed by a hobgoblin for 3 turns
  2037 | D:4      | Reached skill level 6 in Armour
  2183 | D:4      | Reached XP level 7. HP: 41/41 MP: 7/7
  2187 | D:4      | Reached skill level 5 in Axes
  2481 | D:4      | Noticed Robin
  2517 | D:4      | Killed Robin
  2818 | D:4      | Reached skill level 7 in Armour
  3003 | D:5      | Entered Level 5 of the Dungeon
  3118 | D:5      | Found a burning altar of Makhleb.
  3162 | D:5      | Found a snail-covered altar of Cheibriados.
  3188 | D:5      | Noticed Prince Ribbit
  3192 | D:5      | Killed Prince Ribbit
  3193 | D:5      | Reached XP level 8. HP: 48/48 MP: 8/8
  3256 | D:5      | Found a staircase to the Ecumenical Temple.
  3298 | Temple   | Entered the Ecumenical Temple
  3342 | Temple   | Became a worshipper of Nemelex Xobeh the Trickster
  3413 | D:5      | Reached skill level 1 in Invocations
  3456 | D:5      | Found a runed translucent door.
  3621 | D:5      | Noticed Splishie's ghost (novice GnMo)
  3685 | D:5      | Found a runed translucent door.
  3686 | D:5      | Noticed Crazy Yiuf
  3894 | D:6      | Found a hazy altar of Hepliaklqana.
  3909 | D:6      | Killed from afar by an orc priest

Illustrated notes

Levels and vault maps discovered:
D:1:      minmay_arrival_wavy_path, layout_loops_ring,
          nicolae_kite_square_tiling_tiny
D:2:      kennysheep_the_goblin_king, layout_rooms, solitary_fountain,
          uniq_sigmund, uniq_terence
D:3:      minmay_angry_zag, layout_basic, minmay_misc_feat_diagonals
D:4:      kennysheep_goblin_castle, layout_basic
D:5:      layout_loops_cross, cheibriados_altar_1, lemuel_doored_altar,
          temple_doors_cd, ebering_ghost_sewer_d, uniq_crazy_yiuf_cottage,
          uniq_prince_ribbit1
D:6:      layout_rooms, mainiacjoe_overflow_brackets, nicolae_overflow_squiral,
          pdpol_wu_jian_five_deadly_venoms, minmay_fractal_squares_diagonal_5,
          uniq_menkaure
Temple:   jpeg_temple_alley_garden

Skill      XL: |  1  2  3  4  5  6  7  8 |
---------------+-------------------------+-----
Axes           | 2 3 4 5 |  5.9
Armour         | 4 5 6 7 |  7.3
Fighting       | 4 |  4.1
Shields        | 4 |  4.1
Invocations    | 2 |  2.7

Action                     |  1- 3 |  4- 6 |  7- 9 || total
---------------------------+-------+-------+-------++-------
  Melee: War axe           |    87 |   126 |   144 ||   357
  Evoke: Wand              |       |       |     2 ||     2
    Use: Potion            |       |     4 |     1 ||     5
         Scroll            |       |       |     3 ||     3
 Armour: Scale mail        |    13 |       |       ||    13
         Troll leather arm |    70 |    81 |   108 ||   259
         Plate armour      |       |       |    11 ||    11
  Dodge: Dodged            |    58 |    54 |    64 ||   176
  Block: Buckler           |    17 |    23 |    35 ||    75

Table legend: (Time is in decaauts)
 A = Elapsed time spent in this place.
 B = Non-inter-level travel time spent in this place.
 C = Inter-level travel time spent in this place.
 D = Time resting spent in this place.
 E = Time spent auto-exploring this place.
 F = Levels seen in this place.
 G = Mean time per level.
                   A        B        C        D        E       F      G
               +--------+--------+--------+--------+--------+-----+--------+
         Total |   4027 |   3860 |    167 |      0 |   2917 |   7 |  575.3 |
       Dungeon |   3957 |   3815 |    142 |      0 |   2917 |   6 |  659.5 |
        Temple |     69 |     44 |     25 |      0 |      0 |   1 |   69.0 |
               +--------+--------+--------+--------+--------+-----+--------+

Top non-repeatable levels by time:
     D:4: 1031 daAuts
     D:5: 828 daAuts
     D:1: 810 daAuts
     D:3: 753 daAuts
     D:2: 515 daAuts
  Temple: 69 daAuts
     D:6: 17 daAuts
